AoeStats
← Jokerball

Nomad

504835443Analyzed
2v2 RM · 24d ago on Sep 6, 2026· 39m 19s· 4 players
Game mode
Random Map
Map size
176×176
Population
200
Speed
Normal
Resources
Standard
Victory
Conquest
Starting age
Dark Age
Ending age
Imperial Age
RankedLock teamsTeams togetherTeam positionsShared explorationLock speedFull tech treeHidden civsTurbo modeCheats
Victory
Defeat
🇩🇪 Persians · Germany
1488
+15
🇩🇪 Dravidians · Germany
1468
+16
🇲🇽 Persians · Mexico
1535
-19
🇲🇽 Japanese · Mexico
1387
-12
KOF Itachi
4:37 Loom
13:21 Feudal Age
14:21 Double-Bit Axe
15:34 Fishing Lines
16:56 Man-at-Arms
21:39 Castle Age
20:00 Town Watch
22:52 Fletching
24:29 Town Watch
25:19 Bow Saw
25:07 Demolition Ship
31:31 Gillnets
33:37 Fervor
34:05 Wheelbarrow
35:02 Padded Archer Armor
38:02 Thumb Ring
39:39 Hand Cart
KOF ChavaAzcona
5:40 Loom
13:24 Feudal Age
19:49 Castle Age
18:10 Double-Bit Axe
19:13 Scale Barding Armor
25:09 Bloodlines
29:21 Chain Barding Armor
37:14 Fletching
Twicebow
9:08 Loom
11:36 Feudal Age
13:49 Town Watch
17:12 Castle Age
15:53 Double-Bit Axe
17:00 Fishing Lines
22:43 Medium Warships
29:14 Horse Collar
30:44 Scale Barding Armor
33:12 Wheelbarrow
35:59 Imperial Age
34:15 Bloodlines
34:05 Husbandry
35:53 Chain Barding Armor
35:51 Forging
35:57 Heavy Camel Rider
39:08 Plate Barding Armor
Jokerball
12:57 Feudal Age
12:54 Loom
16:58 Castle Age
19:43 Scale Mail Armor
21:36 Forging
33:47 Wheelbarrow
34:42 Town Watch
35:04 Double-Bit Axe
38:33 Hand Cart
38:57 Fletching
Connection lost

Rejoining the realm…

Still unreachable

The connection could not be restored.

Session expired

The server has moved on; the page needs a fresh start.